 Dungeon Sprint DCSS version 0.24.0-41-g2ae2f7f1be (webtiles) character file.

Game seed: 8191499640474443870, levelgen mode: deterministic

70 McKennaii the Skirmisher (level 4, -1/38 HPs)
             Began as a Demonspawn Fighter on Dec 9, 2019.
             Was an Initiate of Makhleb.
             Succumbed to an orc warrior's poison
             ... in the Dungeon (Sprint IX: "|||||||||||||||||||||||||||||").
             The game lasted 00:01:03 (318 turns).

McKennaii the Skirmisher (Demonspawn Fighter)        Turns: 318, Time: 00:01:03

Health: -1/38      AC: 19    Str: 18    XL:     4   Next: 3%
Magic:  4/4        EV:  7    Int:  9    God:    Makhleb [......]
Gold:   0          SH:  9    Dex: 12    Spells: 3/3 levels left

rFire    . . .     SeeInvis .   q - +2 scimitar (flame)
rCold    . . .     Gourm    .   c - +0 shield
rNeg     . . .     Faith    .   b - +0 scale mail
rPois    .         Spirit   .   a - +0 helmet
rElec    .         Reflect  .   (no cloak)
rCorr    .         Harm     .   (no gloves)
MR       .....     NoTele   +   r - +0 pair of boots
Stlth    ..........             (no amulet)
HPRegen  0.12/turn              s - +2 ring of protection
MPRegen  0.09/turn              t - +2 ring of protection

@: lethally poisoned (-1 -> -42), sanguine armour
A: sanguine armour 1
a: Renounce Religion


You were in the Dungeon.
You worshipped Makhleb.
Makhleb was noncommittal.
You were not hungry.

You visited 1 branch

Inventory:

Hand Weapons
 q - a +2 scimitar of flaming (weapon)
Armour
 a - a +0 helmet (worn)
 b - a +0 scale mail (worn)
 c - a +0 shield (worn)
 r - a +0 pair of boots (worn)
Jewellery
 s - a +2 ring of protection (left hand)
 t - a +2 ring of protection (right hand)
Wands
 p - a wand of acid (10)
Scrolls
 k - 2 scrolls of blinking
 n - 3 scrolls of remove curse
 o - 2 scrolls of amnesia
Potions
 d - a potion of might
 e - a potion of invisibility
 g - 3 potions of heal wounds
 h - a potion of haste
 i - 4 potions of magic
 j - a potion of berserk rage
 m - 4 potions of curing
Comestibles
 f - a ration
 l - 7 chunks of flesh


   Skills:
 + Level 4.5 Fighting
 * Level 4.5 Long Blades
 + Level 4.1 Armour
 + Level 0.3 Dodging
 + Level 4.4 Shields


You had 3 spell levels left.
You didn't know any spells.
Your spell library was empty.

Dungeon Overview and Level Annotations

Branches:
Dungeon (1/1)

Altars:
Cheibriados
Dithmenos
Elyvilon
Fedhas
Gozag
Hepliaklqana
Kikubaaqudgha
Makhleb
Nemelex Xobeh
Okawaru
Qazlal
Ru
Sif Muna
Trog
Uskayaw
Vehumet
Wu Jian
Xom
Yredelemnul
Zin
The Shining One
Beogh
Jiyva
Lugonu


Innate Abilities, Weirdness & Mutations

When seriously injured, your bleeding wounds create armour. (AC +6)


Message History

Your blood congeals into armour.
You are more poisoned.
The orc wizard mumbles some strange words.
The orc wizard seems to speed up.
The orc warrior hits you with a +2 short sword of venom!
You are lethally poisoned!
You hit the orc warrior but do no damage.
The orc warrior is heavily wounded.
You feel sick.
The orc warrior hits you but does no damage.
You closely miss the orc warrior.
The orc warrior is heavily wounded.
You feel sick.
The orc warrior hits you with a +2 short sword of venom!
* * * LOW HITPOINT WARNING * * *
You are more poisoned.
Unknown command.
You barely miss the orc warrior.
The orc warrior is heavily wounded.
You die... ▓▓▓▓▓▓▓▓▓▓▓▓▓▓▓▓▓▓▓▓▓▓▓▓ .oaacYo@.[..)|..'_______ ▓▓▓▓▓▓▓▓▓▓▓▓▓▓▓▓▓▓▓▓▓▓▓▓

You could see a yak, an orc warrior, a centaur, 2 worker ants and an orc wizard.

Vanquished Creatures
  A hound (D)
  A worker ant (D)
  An adder (D)
  A leopard gecko (D)
  A bat skeleton (D)
  2 goblins (D)
  A kobold (D)
  A ball python (D)
  A rat (D)
10 creatures vanquished.

Vanquished Creatures (others)
  A spatial maelstrom (D)
1 creature vanquished.

Grand Total: 11 creatures vanquished

Notes
Turn   | Place    | Note
-------+----------+-------------------------------------------
     0 | D        | McKennaii the Demonspawn Fighter began the quest for the
                  | Orb.
     0 | D        | Reached XP level 1. HP: 18/18 MP: 1/1
    14 | D        | Banished a spatial maelstrom
   122 | D        | Noticed a hound
   122 | D        | Noticed a worker ant
   141 | D        | Gained mutation: When seriously injured, your bleeding
                  | wounds create armour. (AC +6) [demonic ancestry]
   141 | D        | Reached XP level 2. HP: 18/25 MP: 2/2
   150 | D        | Reached XP level 3. HP: 19/30 MP: 3/3
   160 | D        | Reached XP level 4. HP: 21/38 MP: 4/4
   172 | D        | Found a roughly hewn altar of Beogh.
   172 | D        | Found a snail-covered altar of Cheibriados.
   172 | D        | Found a shadowy altar of Dithmenos.
   172 | D        | Found a white marble altar of Elyvilon.
   172 | D        | Found a blossoming altar of Fedhas.
   172 | D        | Found an opulent altar of Gozag.
   173 | D        | Found a hazy altar of Hepliaklqana.
   174 | D        | Found a viscous altar of Jiyva.
   175 | D        | Found an ancient bone altar of Kikubaaqudgha.
   176 | D        | Found a corrupted altar of Lugonu.
   177 | D        | Found a burning altar of Makhleb.
   178 | D        | Found a sparkling altar of Nemelex Xobeh.
   179 | D        | Found an iron altar of Okawaru.
   180 | D        | Found a stormy altar of Qazlal.
   181 | D        | Found a sacrificial altar of Ru.
   182 | D        | Found a shimmering blue altar of Sif Muna.
   183 | D        | Found a bloodstained altar of Trog.
   184 | D        | Found a hide-covered altar of Uskayaw.
   185 | D        | Found a radiant altar of Vehumet.
   187 | D        | Became a worshipper of Makhleb the Destroyer
   189 | D        | Found an ornate altar of the Wu Jian Council.
   190 | D        | Found a shimmering altar of Xom.
   191 | D        | Found a basalt altar of Yredelemnul.
   192 | D        | Found a glowing silver altar of Zin.
   193 | D        | Found a glowing golden altar of the Shining One.
   311 | D        | Noticed a centaur
   311 | D        | Noticed a yak
   311 | D        | Noticed an orc warrior
   318 | D        | Succumbed to an orc warrior's poison

Levels and vault maps discovered:
D:        linesprint [early_d, line_temple, items_1, d_10, items_2, lair_1,
          lair_end, items_3, orc_1, orc_end, items_4, d_15, swamp_1, shoals_1,
          snake_1, spider_1, d_20, vaults_1, items_5, swamp_end, shoals_end,
          snake_end, spider_end, vaults_end, d_27, items_6, zot_1, zot_end,
          crypt_end, forest_end, elf_end, slime_end, tomb_end, abyss_end,
          pan_hell_end]

Skill      XL: |  1  2  3 |
---------------+----------+-----
Long Blades    | 2 3 4 |  4.5
Armour         | 3 4 |  4.1
Shields        | 3 4 |  4.4
Fighting       | 4 |  4.5
Dodging        | |  0.3

Action                   |  1- 3 |  4- 6 || total
-------------------------+-------+-------++-------
Melee: Long sword        |    49 |       ||    49
       Scimitar          |       |     7 ||     7
  Use: Potion            |     1 |       ||     1
Armor: Scale mail        |    28 |     2 ||    30
Dodge: Dodged            |     9 |       ||     9
Block: Shield            |    35 |     1 ||    36
       Rpst.: Long sword |     1 |       ||     1
